[ AOE2 MATCH · #480992731 ]
UnrankedByzantines vs Khmer
[ REPLAY ANALYSIS · EXTRACTED FROM THE RECORDED GAME ]
Feudal
—
Castle
—
Imperial
—
| APM avg | 33.4 |
| APM peak | 54 |
| eAPM avg | 17.8 |
| Villagers / military | 41 / 0 |
Focus
⚔️ 17.2% · 🌾 82.8%
Feudal
11:22
Castle
15:42
Imperial
—
| APM avg | 25.4 |
| APM peak | 66 |
| eAPM avg | 15.3 |
| Villagers / military | 49 / 9 |
Focus
⚔️ 17.8% · 🌾 82.2%
Ghulam ×9
Feudal
9:42
Castle
—
Imperial
—
| APM avg | 53.4 |
| APM peak | 95 |
| eAPM avg | 25.8 |
| Villagers / military | 40 / 43 |
Focus
⚔️ 21.8% · 🌾 78.2%
Scout Cavalry ×43
Feudal
10:21
Castle
17:13
Imperial
—
| APM avg | 32.9 |
| APM peak | 58 |
| eAPM avg | 13.9 |
| Villagers / military | 36 / 22 |
Focus
⚔️ 23.3% · 🌾 76.7%
Archer ×21 · Battering Ram ×1
Feudal
9:19
Castle
16:16
Imperial
—
| APM avg | 48.4 |
| APM peak | 111 |
| eAPM avg | 18.9 |
| Villagers / military | 62 / 13 |
Focus
⚔️ 24.1% · 🌾 75.9%
Armored Elephant ×6 · Scorpion ×5 · Camel Scout ×2
Feudal
10:56
Castle
14:58
Imperial
—
| APM avg | 42.7 |
| APM peak | 85 |
| eAPM avg | 18.1 |
| Villagers / military | 40 / 19 |
Focus
⚔️ 37.3% · 🌾 62.7%
Spearman ×13 · Iron Pagoda ×5 · Fire Lancer ×1
Feudal
—
Castle
—
Imperial
—
| APM avg | 59.1 |
| APM peak | 83 |
| eAPM avg | 23.6 |
| Villagers / military | 47 / 0 |
Focus
⚔️ 26.1% · 🌾 73.9%
Feudal
8:01
Castle
20:19
Imperial
—
| APM avg | 52.8 |
| APM peak | 71 |
| eAPM avg | 23.7 |
| Villagers / military | 35 / 30 |
Focus
⚔️ 44.3% · 🌾 55.7%
Archer ×29 · Militia ×1
Match map
Initial resources + every placement click. Lines = walls · curves = elevation contours. ◆ gold · ⬟ stone · ● berries · ✦ relic · ◌ wall gap
Your base· ✓ Closed at 12:00 · 17t walls · 3 gate(s)
brunol1901's base· ✓ Closed at 15:42 · 0t walls · 3 gate(s)
loco_angel's base· ✓ Closed at 12:00 · 0t walls · 3 gate(s)
kane's base· ✓ Closed at 17:13 · 0t walls · 2 gate(s)
Paty La Peluda's base· ✓ Closed at 16:16 · 0t walls · 2 gate(s)
PSX | Santiago1's base· ✓ Closed at 14:58 · 0t walls · 2 gate(s)
César UAM's base· ✓ Closed at 12:00 · 0t walls · 2 gate(s)
freestyle's base· ✓ Closed at 20:19 · 4t walls · 4 gate(s)
Smoothed initial terrain · ◌ = detected wall gap · hover for details
Inputs per minute
— Sukuna - - brunol1901
Build order — Sukuna
69 actions detected in the replay
| 0:02 | Queue | Villager (Male) |
| 0:02 | Queue | Villager (Male) |
| 0:02 | Queue | Villager (Male) |
| 0:02 | Queue | Villager (Male) |
| 0:03 | Queue | Villager (Male) |
| 0:05 | Build | House |
| 0:08 | Build | House |
| 1:27 | Queue | Villager (Male) |
| 1:51 | Queue | Villager (Male) |
| 1:55 | Build | Lumber Camp |
| 2:17 | Queue | Villager (Male) |
| 3:04 | Queue | Villager (Male) |
| 3:16 | Queue | Villager (Male) |
| 3:36 | Build | House |
| 3:37 | Build | House |
| 3:59 | Queue | Villager (Male) |
| 4:23 | Queue | Villager (Male) |
| 4:33 | Queue | Villager (Male) |
| 4:37 | Build | Mill |
| 5:00 | Queue | Villager (Male) |
| 5:44 | Queue | Villager (Male) |
| 5:55 | Queue | Villager (Male) |
| 6:20 | Queue | Villager (Male) |
| 6:44 | Queue | Villager (Male) |
| 6:57 | Queue | Villager (Male) |
| 7:10 | Research | Loom |
| 7:48 | Queue | Villager (Male) |
| 8:05 | Queue | Villager (Male) |
| 8:27 | Queue | Villager (Male) |
| 8:45 | Queue | Villager (Male) |
| 8:55 | Build | Palisade Wall |
| 8:59 | Queue | Villager (Male) |
| 9:09 | Build | House |
| 9:14 | Build | House |
| 9:32 | Build | Palisade Wall |
| 9:45 | Queue | Villager (Male) |
| 10:01 | Build | Mining Camp |
| 10:07 | Queue | Villager (Male) |
| 10:10 | Build | House |
| 10:13 | Build | House |
| 10:40 | Build | Palisade Wall |
| 11:33 | Queue | Villager (Male) |
| 11:37 | Queue | Villager (Male) |
| 11:39 | Queue | Villager (Male) |
| 11:44 | Queue | Villager (Male) |
| 11:47 | Queue | Villager (Male) |
| 12:00 | Queue | Villager (Male) |
| 12:07 | Build | House |
| 12:10 | Build | House |
| 12:21 | Queue | Villager (Male) |
| 12:33 | Queue | Villager (Male) |
| 13:02 | Queue | Villager (Male) |
| 13:12 | Build | Palisade Wall |
| 13:14 | Build | Palisade Wall |
| 13:15 | Build | Palisade Wall |
| 13:18 | Build | Palisade Wall |
| 13:19 | Build | Palisade Wall |
| 14:03 | Build | Palisade Wall |
| 14:04 | Build | Palisade Wall |
| 14:05 | Build | Palisade Wall |
| 14:24 | Build | Palisade Wall |
| 14:25 | Build | Palisade Wall |
| 14:43 | Queue | Villager (Male) |
| 14:55 | Queue | Villager (Male) |
| 15:33 | Queue | Villager (Male) |
| 16:16 | Build | Palisade Wall |
| 17:02 | Queue | Villager (Male) |
| 18:32 | Queue | Villager (Male) |
| 18:35 | Queue | Villager (Male) |
Build order — brunol1901
105 actions detected in the replay
| 0:00 | Queue | Villager (Male) |
| 0:01 | Queue | Villager (Male) |
| 0:01 | Queue | Villager (Male) |
| 0:04 | Build | House |
| 0:07 | Build | House |
| 0:36 | Queue | Villager (Male) |
| 1:26 | Queue | Villager (Male) |
| 1:26 | Queue | Villager (Male) |
| 1:42 | Queue | Villager (Male) |
| 1:42 | Queue | Villager (Male) |
| 1:48 | Build | Lumber Camp |
| 2:00 | Queue | Villager (Male) |
| 2:00 | Queue | Villager (Male) |
| 2:24 | Queue | Villager (Male) |
| 2:25 | Queue | Villager (Male) |
| 3:11 | Queue | Villager (Male) |
| 3:12 | Queue | Villager (Male) |
| 3:12 | Queue | Villager (Male) |
| 3:16 | Queue | Villager (Male) |
| 3:16 | Queue | Villager (Male) |
| 3:33 | Build | House |
| 4:04 | Queue | Villager (Male) |
| 4:05 | Queue | Villager (Male) |
| 4:05 | Queue | Villager (Male) |
| 4:42 | Queue | Villager (Male) |
| 4:43 | Queue | Villager (Male) |
| 4:52 | Build | Mill |
| 4:53 | Queue | Villager (Male) |
| 4:58 | Queue | Villager (Male) |
| 5:27 | Queue | Villager (Male) |
| 5:27 | Queue | Villager (Male) |
| 5:27 | Queue | Villager (Male) |
| 5:28 | Queue | Villager (Male) |
| 5:32 | Build | House |
| 6:03 | Queue | Villager (Male) |
| 6:04 | Queue | Villager (Male) |
| 6:28 | Queue | Villager (Male) |
| 6:29 | Queue | Villager (Male) |
| 6:34 | Build | Farm |
| 6:40 | Build | Farm |
| 6:43 | Queue | Villager (Male) |
| 7:44 | Build | Mining Camp |
| 7:52 | Queue | Villager (Male) |
| 8:18 | Build | House |
| 8:23 | Queue | Villager (Male) |
| 8:29 | Build | Mining Camp |
| 8:45 | Research | Feudal Age |
| 9:27 | Build | Farm |
| 10:47 | Queue | Villager (Male) |
| 10:47 | Queue | Villager (Male) |
| 10:49 | Queue | Villager (Male) |
| 11:22 | Age | Feudal Age |
| 11:32 | Build | Market |
| 11:36 | Build | Blacksmith |
| 12:34 | Research | Double-Bit Axe |
| 12:35 | Queue | Villager (Male) |
| 12:44 | Research | Castle Age |
| 12:44 | Research | Castle Age |
| 12:47 | Research | Horse Collar |
| 12:47 | Research | Horse Collar |
| 13:01 | Build | Farm |
| 13:02 | Build | Farm |
| 13:12 | Research | Loom |
| 13:18 | Build | Farm |
| 14:59 | Build | Farm |
| 15:02 | Build | Farm |
| 15:04 | Build | Farm |
| 15:24 | Queue | Villager (Male) |
| 15:24 | Queue | Villager (Male) |
| 15:42 | Age | Castle Age |
| 15:47 | Build | Castle |
| 15:54 | Research | Bow Saw |
| 15:58 | Research | Wheelbarrow |
| 16:36 | Research | Scale Mail Armor |
| 16:40 | Queue | Villager (Male) |
| 16:52 | Build | Town Center |
| 17:00 | Build | House |
| 17:14 | Queue | Villager (Male) |
| 17:20 | Build | Farm |
| 17:23 | Research | Chain Mail Armor |
| 17:25 | Queue | Ghulam |
| 17:25 | Queue | Ghulam |
| 17:25 | Queue | Ghulam |
| 17:28 | Build | Farm |
| 17:50 | Queue | Villager (Male) |
| 18:12 | Queue | Ghulam |
| 18:15 | Queue | Villager (Male) |
| 18:19 | Build | Barracks |
| 18:29 | Build | Farm |
| 18:55 | Queue | Ghulam |
| 18:56 | Queue | Ghulam |
| 18:56 | Queue | Ghulam |
| 19:19 | Research | Forging |
| 19:20 | Queue | Villager (Male) |
| 19:20 | Queue | Villager (Male) |
| 19:22 | Queue | Villager (Male) |
| 19:26 | Build | Farm |
| 19:28 | Build | Farm |
| 19:28 | Build | Farm |
| 19:29 | Build | Farm |
| 19:31 | Research | Squires |
| 19:31 | Research | Squires |
| 19:52 | Queue | Villager (Male) |
| 19:53 | Queue | Ghulam |
| 19:53 | Queue | Ghulam |
Build order — loco_angel
133 actions detected in the replay
| 0:02 | Queue | Villager (Male) |
| 0:02 | Queue | Villager (Male) |
| 0:03 | Queue | Villager (Male) |
| 0:04 | Build | House |
| 0:06 | Build | House |
| 0:11 | Queue | Villager (Male) |
| 0:12 | Queue | Villager (Male) |
| 1:15 | Queue | Villager (Male) |
| 1:16 | Queue | Villager (Male) |
| 1:54 | Build | Lumber Camp |
| 2:03 | Queue | Villager (Male) |
| 2:04 | Queue | Villager (Male) |
| 2:24 | Queue | Villager (Male) |
| 2:25 | Queue | Villager (Male) |
| 2:38 | Build | House |
| 2:48 | Queue | Villager (Male) |
| 2:49 | Queue | Villager (Male) |
| 3:40 | Queue | Villager (Male) |
| 3:52 | Queue | Villager (Male) |
| 3:52 | Queue | Villager (Male) |
| 4:21 | Build | Mill |
| 4:29 | Queue | Villager (Male) |
| 4:29 | Queue | Villager (Male) |
| 4:51 | Queue | Villager (Male) |
| 4:54 | Queue | Villager (Male) |
| 5:16 | Queue | Villager (Male) |
| 5:19 | Build | Farm |
| 5:26 | Build | House |
| 5:37 | Build | House |
| 5:58 | Queue | Villager (Male) |
| 6:37 | Queue | Villager (Male) |
| 7:00 | Build | Farm |
| 7:13 | Research | Feudal Age |
| 8:41 | Queue | Villager (Male) |
| 9:00 | Build | Farm |
| 9:19 | Queue | Villager (Male) |
| 9:30 | Build | House |
| 9:42 | Age | Feudal Age |
| 9:44 | Build | Stable |
| 9:49 | Build | Stable |
| 10:12 | Queue | Villager (Male) |
| 10:16 | Build | Farm |
| 10:40 | Queue | Scout Cavalry |
| 10:40 | Queue | Scout Cavalry |
| 10:40 | Queue | Scout Cavalry |
| 10:41 | Queue | Scout Cavalry |
| 10:44 | Queue | Scout Cavalry |
| 10:44 | Queue | Scout Cavalry |
| 10:44 | Queue | Scout Cavalry |
| 10:48 | Build | House |
| 10:51 | Queue | Villager (Male) |
| 11:09 | Queue | Villager (Male) |
| 11:11 | Build | House |
| 11:17 | Queue | Scout Cavalry |
| 11:19 | Queue | Scout Cavalry |
| 11:19 | Queue | Scout Cavalry |
| 11:42 | Queue | Villager (Male) |
| 11:44 | Build | Farm |
| 11:46 | Queue | Scout Cavalry |
| 12:03 | Build | Farm |
| 12:06 | Queue | Villager (Male) |
| 12:08 | Queue | Scout Cavalry |
| 12:37 | Queue | Scout Cavalry |
| 12:37 | Queue | Scout Cavalry |
| 12:38 | Queue | Scout Cavalry |
| 13:26 | Queue | Villager (Male) |
| 13:30 | Build | House |
| 13:32 | Build | Blacksmith |
| 13:34 | Queue | Villager (Male) |
| 13:37 | Build | Farm |
| 13:44 | Queue | Scout Cavalry |
| 13:44 | Queue | Scout Cavalry |
| 13:46 | Queue | Villager (Male) |
| 14:04 | Research | Scale Barding Armor |
| 14:04 | Research | Scale Barding Armor |
| 14:32 | Queue | Scout Cavalry |
| 14:38 | Queue | Villager (Male) |
| 14:40 | Build | House |
| 14:41 | Build | Farm |
| 15:22 | Queue | Scout Cavalry |
| 15:22 | Queue | Scout Cavalry |
| 15:26 | Build | Farm |
| 15:26 | Build | Farm |
| 15:26 | Build | Farm |
| 15:27 | Build | Farm |
| 15:27 | Build | Farm |
| 15:59 | Queue | Scout Cavalry |
| 16:44 | Queue | Scout Cavalry |
| 16:44 | Queue | Scout Cavalry |
| 16:44 | Queue | Scout Cavalry |
| 17:04 | Queue | Scout Cavalry |
| 17:08 | Build | Farm |
| 17:08 | Build | Farm |
| 17:08 | Build | Farm |
| 17:12 | Build | Farm |
| 17:12 | Build | Farm |
| 17:12 | Build | Farm |
| 17:12 | Build | Farm |
| 17:14 | Queue | Villager (Male) |
| 17:17 | Build | Stable |
| 17:36 | Queue | Scout Cavalry |
| 17:39 | Build | Farm |
| 17:39 | Build | Farm |
| 17:40 | Build | Farm |
| 17:41 | Queue | Villager (Male) |
| 17:41 | Queue | Villager (Male) |
| 17:44 | Build | House |
| 17:49 | Build | House |
| 18:29 | Queue | Scout Cavalry |
| 18:29 | Queue | Scout Cavalry |
| 18:29 | Queue | Scout Cavalry |
| 18:29 | Queue | Scout Cavalry |
| 18:40 | Queue | Scout Cavalry |
| 18:40 | Queue | Scout Cavalry |
| 18:44 | Queue | Villager (Male) |
| 18:46 | Build | House |
| 19:21 | Queue | Scout Cavalry |
| 19:22 | Queue | Scout Cavalry |
| 19:22 | Queue | Scout Cavalry |
| 19:22 | Queue | Scout Cavalry |
| 19:22 | Queue | Scout Cavalry |
| 19:28 | Build | Farm |
| 19:43 | Queue | Scout Cavalry |
| 19:44 | Queue | Scout Cavalry |
| 19:44 | Queue | Scout Cavalry |
| 19:48 | Queue | Villager (Male) |
| 19:53 | Build | Lumber Camp |
| 19:58 | Queue | Villager (Male) |
| 20:05 | Research | Horse Collar |
| 20:05 | Research | Horse Collar |
| 20:29 | Queue | Scout Cavalry |
| 20:29 | Queue | Scout Cavalry |
| 20:29 | Queue | Scout Cavalry |
Build order — kane
107 actions detected in the replay
| 0:04 | Queue | Villager (Male) |
| 0:07 | Build | House |
| 0:09 | Build | House |
| 0:17 | Queue | Villager (Male) |
| 0:32 | Queue | Villager (Male) |
| 0:33 | Queue | Villager (Male) |
| 1:27 | Queue | Villager (Male) |
| 2:05 | Build | Lumber Camp |
| 2:05 | Queue | Villager (Male) |
| 2:31 | Queue | Villager (Male) |
| 2:54 | Queue | Villager (Male) |
| 2:55 | Queue | Villager (Male) |
| 3:04 | Queue | Villager (Male) |
| 3:39 | Queue | Villager (Male) |
| 3:56 | Build | House |
| 4:21 | Queue | Villager (Male) |
| 4:21 | Queue | Villager (Male) |
| 4:23 | Build | Mill |
| 4:43 | Queue | Villager (Male) |
| 5:25 | Queue | Villager (Male) |
| 5:25 | Queue | Villager (Male) |
| 5:42 | Queue | Villager (Male) |
| 5:55 | Build | House |
| 6:00 | Queue | Villager (Male) |
| 7:05 | Queue | Villager (Male) |
| 7:33 | Queue | Villager (Male) |
| 8:11 | Research | Feudal Age |
| 8:12 | Research | Feudal Age |
| 8:37 | Build | Lumber Camp |
| 8:56 | Build | Barracks |
| 9:10 | Build | House |
| 9:43 | Build | Mining Camp |
| 9:56 | Queue | Villager (Male) |
| 10:21 | Age | Feudal Age |
| 10:26 | Build | Archery Range |
| 10:35 | Build | Blacksmith |
| 10:39 | Queue | Villager (Male) |
| 10:54 | Queue | Villager (Male) |
| 11:14 | Build | Archery Range |
| 11:25 | Queue | Villager (Male) |
| 11:27 | Queue | Archer |
| 11:51 | Queue | Archer |
| 11:55 | Queue | Villager (Male) |
| 12:08 | Build | House |
| 12:14 | Queue | Archer |
| 12:28 | Queue | Villager (Male) |
| 12:32 | Build | Farm |
| 12:39 | Queue | Archer |
| 12:41 | Queue | Archer |
| 12:43 | Queue | Villager (Male) |
| 13:01 | Build | Farm |
| 13:05 | Queue | Archer |
| 13:08 | Queue | Archer |
| 13:12 | Build | House |
| 13:16 | Queue | Villager (Male) |
| 13:27 | Research | Town Watch |
| 13:51 | Build | House |
| 13:58 | Queue | Archer |
| 13:59 | Queue | Villager (Male) |
| 14:07 | Build | Farm |
| 14:32 | Queue | Archer |
| 14:33 | Research | Castle Age |
| 14:33 | Research | Castle Age |
| 14:51 | Queue | Archer |
| 15:09 | Build | Farm |
| 15:11 | Build | Farm |
| 15:15 | Research | Double-Bit Axe |
| 15:21 | Build | Farm |
| 15:24 | Build | Farm |
| 15:28 | Build | Farm |
| 15:31 | Queue | Archer |
| 15:36 | Build | Farm |
| 15:42 | Build | House |
| 15:42 | Queue | Archer |
| 15:49 | Queue | Archer |
| 16:00 | Build | House |
| 16:02 | Build | House |
| 16:14 | Research | Horse Collar |
| 16:42 | Research | Fletching |
| 16:46 | Queue | Archer |
| 16:59 | Queue | Archer |
| 17:05 | Build | Farm |
| 17:07 | Build | Farm |
| 17:10 | Build | House |
| 17:11 | Build | House |
| 17:13 | Age | Castle Age |
| 17:20 | Research | Bodkin Arrow |
| 17:31 | Queue | Villager (Male) |
| 17:38 | Queue | Archer |
| 17:46 | Build | Siege Workshop |
| 17:59 | Queue | Archer |
| 18:00 | Queue | Villager (Male) |
| 18:03 | Research | Loom |
| 18:15 | Queue | Archer |
| 18:18 | Queue | Villager (Male) |
| 18:29 | Research | Crossbowman (upgrade) |
| 18:34 | Queue | Archer |
| 18:47 | Queue | Archer |
| 18:48 | Queue | Villager (Male) |
| 19:19 | Queue | Battering Ram |
| 19:22 | Queue | Villager (Male) |
| 19:29 | Build | University |
| 19:30 | Queue | Archer |
| 19:40 | Queue | Villager (Male) |
| 20:08 | Queue | Villager (Male) |
| 20:14 | Research | Bow Saw |
| 20:14 | Research | Bow Saw |
Build order — Paty La Peluda
127 actions detected in the replay
| 0:02 | Queue | Villager (Male) |
| 0:02 | Queue | Villager (Male) |
| 0:02 | Queue | Villager (Male) |
| 0:05 | Build | House |
| 0:10 | Queue | Villager (Male) |
| 0:11 | Queue | Villager (Male) |
| 0:15 | Build | House |
| 0:16 | Build | House |
| 0:18 | Build | House |
| 0:52 | Build | Mill |
| 1:38 | Queue | Villager (Male) |
| 1:38 | Queue | Villager (Male) |
| 2:02 | Queue | Villager (Male) |
| 2:25 | Queue | Villager (Male) |
| 2:25 | Queue | Villager (Male) |
| 2:50 | Queue | Villager (Male) |
| 2:51 | Queue | Villager (Male) |
| 3:49 | Queue | Villager (Male) |
| 3:49 | Queue | Villager (Male) |
| 4:25 | Queue | Villager (Male) |
| 4:25 | Queue | Villager (Male) |
| 4:33 | Queue | Villager (Male) |
| 4:33 | Queue | Villager (Male) |
| 4:33 | Queue | Villager (Male) |
| 5:07 | Queue | Villager (Male) |
| 5:14 | Queue | Villager (Male) |
| 5:33 | Queue | Villager (Male) |
| 5:33 | Queue | Villager (Male) |
| 5:33 | Queue | Villager (Male) |
| 5:33 | Queue | Villager (Male) |
| 6:17 | Build | Lumber Camp |
| 6:18 | Queue | Villager (Male) |
| 6:19 | Queue | Villager (Male) |
| 6:44 | Queue | Villager (Male) |
| 7:09 | Research | Feudal Age |
| 7:09 | Research | Feudal Age |
| 7:27 | Queue | Villager (Male) |
| 7:28 | Queue | Villager (Male) |
| 7:28 | Queue | Villager (Male) |
| 7:28 | Queue | Villager (Male) |
| 7:31 | Research | Loom |
| 7:31 | Queue | Villager (Male) |
| 7:31 | Queue | Villager (Male) |
| 7:31 | Queue | Villager (Male) |
| 7:54 | Queue | Villager (Male) |
| 8:49 | Queue | Villager (Male) |
| 8:49 | Queue | Villager (Male) |
| 9:01 | Queue | Villager (Male) |
| 9:14 | Queue | Villager (Male) |
| 9:19 | Age | Feudal Age |
| 9:35 | Queue | Villager (Male) |
| 9:35 | Queue | Villager (Male) |
| 9:35 | Queue | Villager (Male) |
| 9:38 | Queue | Villager (Male) |
| 9:41 | Build | House |
| 9:42 | Build | House |
| 9:43 | Build | House |
| 10:08 | Build | Blacksmith |
| 10:20 | Queue | Villager (Male) |
| 10:25 | Build | Mining Camp |
| 10:31 | Research | Horse Collar |
| 10:31 | Research | Horse Collar |
| 11:06 | Build | Market |
| 11:10 | Queue | Villager (Male) |
| 11:16 | Build | Farm |
| 11:16 | Build | Farm |
| 11:16 | Build | Farm |
| 11:17 | Build | Farm |
| 11:17 | Build | Farm |
| 11:17 | Build | Farm |
| 11:17 | Build | Farm |
| 11:18 | Build | Farm |
| 11:18 | Build | Farm |
| 11:29 | Queue | Villager (Male) |
| 11:35 | Build | Farm |
| 12:38 | Queue | Villager (Male) |
| 12:39 | Queue | Villager (Male) |
| 12:39 | Queue | Villager (Male) |
| 13:08 | Queue | Villager (Male) |
| 13:08 | Queue | Villager (Male) |
| 13:36 | Research | Castle Age |
| 14:06 | Research | Double-Bit Axe |
| 14:06 | Research | Double-Bit Axe |
| 15:15 | Queue | Villager (Male) |
| 15:30 | Queue | Villager (Male) |
| 15:36 | Build | Farm |
| 15:36 | Build | Farm |
| 15:36 | Build | Farm |
| 15:36 | Build | Farm |
| 15:38 | Build | Farm |
| 16:16 | Age | Castle Age |
| 16:18 | Build | Siege Workshop |
| 16:46 | Queue | Armored Elephant |
| 16:46 | Queue | Armored Elephant |
| 16:46 | Queue | Armored Elephant |
| 16:46 | Queue | Armored Elephant |
| 16:51 | Build | Barracks |
| 17:05 | Queue | Villager (Male) |
| 17:08 | Queue | Armored Elephant |
| 17:08 | Queue | Armored Elephant |
| 17:33 | Build | Stable |
| 17:39 | Queue | Villager (Male) |
| 17:39 | Queue | Villager (Male) |
| 17:45 | Build | House |
| 17:45 | Build | House |
| 17:46 | Build | House |
| 18:09 | Build | House |
| 18:09 | Build | House |
| 18:09 | Build | House |
| 18:09 | Build | House |
| 18:10 | Build | House |
| 18:12 | Research | Husbandry |
| 18:12 | Research | Husbandry |
| 18:12 | Research | Husbandry |
| 18:30 | Queue | Villager (Male) |
| 18:54 | Queue | Scorpion |
| 18:54 | Queue | Scorpion |
| 19:02 | Queue | Villager (Male) |
| 19:02 | Queue | Villager (Male) |
| 19:02 | Queue | Villager (Male) |
| 19:03 | Queue | Villager (Male) |
| 19:14 | Queue | Camel Scout |
| 19:15 | Queue | Camel Scout |
| 19:39 | Queue | Scorpion |
| 19:45 | Queue | Scorpion |
| 19:45 | Queue | Scorpion |
| 20:05 | Research | Bloodlines |
Build order — PSX | Santiago1
98 actions detected in the replay
| 0:01 | Queue | Villager (Male) |
| 0:02 | Build | House |
| 0:03 | Build | House |
| 0:07 | Queue | Villager (Male) |
| 0:16 | Queue | Villager (Male) |
| 0:16 | Queue | Villager (Male) |
| 0:16 | Queue | Villager (Male) |
| 1:30 | Queue | Villager (Male) |
| 1:42 | Queue | Villager (Male) |
| 1:42 | Queue | Villager (Male) |
| 1:56 | Queue | Villager (Male) |
| 2:45 | Queue | Villager (Male) |
| 2:45 | Queue | Villager (Male) |
| 2:45 | Queue | Villager (Male) |
| 3:16 | Queue | Villager (Male) |
| 3:32 | Queue | Villager (Male) |
| 3:32 | Queue | Villager (Male) |
| 3:42 | Build | Lumber Camp |
| 3:47 | Build | House |
| 3:54 | Queue | Villager (Male) |
| 3:54 | Queue | Villager (Male) |
| 3:54 | Queue | Villager (Male) |
| 4:19 | Queue | Villager (Male) |
| 4:24 | Queue | Villager (Male) |
| 4:25 | Queue | Villager (Male) |
| 4:47 | Queue | Villager (Male) |
| 4:48 | Queue | Villager (Male) |
| 5:06 | Queue | Villager (Male) |
| 5:36 | Queue | Villager (Male) |
| 5:36 | Queue | Villager (Male) |
| 5:37 | Queue | Villager (Male) |
| 5:55 | Build | House |
| 6:03 | Queue | Villager (Male) |
| 6:14 | Build | Mill |
| 6:23 | Queue | Villager (Male) |
| 7:44 | Queue | Villager (Male) |
| 8:17 | Research | Feudal Age |
| 8:37 | Build | Mining Camp |
| 9:00 | Queue | Villager (Male) |
| 9:13 | Build | House |
| 9:50 | Build | Farm |
| 9:51 | Build | Farm |
| 10:01 | Build | Farm |
| 10:03 | Build | Farm |
| 10:56 | Age | Feudal Age |
| 11:18 | Queue | Villager (Male) |
| 11:25 | Build | Market |
| 11:28 | Build | Blacksmith |
| 11:31 | Queue | Villager (Male) |
| 12:09 | Queue | Villager (Male) |
| 12:18 | Research | Castle Age |
| 12:36 | Research | Double-Bit Axe |
| 12:38 | Research | Horse Collar |
| 12:46 | Build | House |
| 12:49 | Research | Loom |
| 13:25 | Build | Barracks |
| 13:43 | Research | Scale Mail Armor |
| 14:03 | Queue | Spearman |
| 14:04 | Queue | Spearman |
| 14:07 | Build | House |
| 14:12 | Queue | Spearman |
| 14:15 | Research | Forging |
| 14:41 | Build | House |
| 14:58 | Age | Castle Age |
| 15:02 | Build | Siege Workshop |
| 15:08 | Queue | Spearman |
| 15:12 | Queue | Villager (Male) |
| 15:29 | Queue | Iron Pagoda |
| 15:29 | Queue | Iron Pagoda |
| 15:32 | Build | House |
| 15:37 | Queue | Spearman |
| 15:37 | Queue | Spearman |
| 15:39 | Queue | Villager (Male) |
| 15:58 | Build | Palisade Gate |
| 16:04 | Build | Palisade Wall |
| 16:07 | Build | Palisade Wall |
| 16:17 | Build | Palisade Wall |
| 16:24 | Build | House |
| 16:25 | Queue | Villager (Male) |
| 16:29 | Build | House |
| 16:40 | Build | House |
| 16:44 | Build | House |
| 16:47 | Build | Palisade Wall |
| 16:54 | Queue | Spearman |
| 16:54 | Queue | Spearman |
| 17:08 | Queue | Iron Pagoda |
| 17:08 | Queue | Iron Pagoda |
| 17:10 | Queue | Spearman |
| 17:12 | Queue | Villager (Male) |
| 17:13 | Queue | Villager (Male) |
| 17:20 | Build | Mining Camp |
| 17:25 | Queue | Spearman |
| 17:48 | Queue | Iron Pagoda |
| 17:59 | Queue | Spearman |
| 18:15 | Queue | Spearman |
| 18:27 | Queue | Fire Lancer |
| 18:43 | Queue | Spearman |
| 19:27 | Queue | Villager (Male) |
Build order — César UAM
67 actions detected in the replay
| 0:00 | Queue | Villager (Male) ×4 |
| 0:02 | Build | House |
| 0:03 | Build | House |
| 1:32 | Queue | Villager (Male) |
| 1:58 | Queue | Villager (Male) |
| 2:23 | Queue | Villager (Male) |
| 2:30 | Build | Lumber Camp |
| 2:47 | Queue | Villager (Male) |
| 3:14 | Queue | Villager (Male) |
| 3:39 | Queue | Villager (Male) |
| 3:50 | Build | House |
| 4:07 | Queue | Villager (Male) |
| 4:29 | Queue | Villager (Male) |
| 4:53 | Queue | Villager (Male) |
| 5:15 | Queue | Villager (Male) |
| 5:35 | Queue | Villager (Male) |
| 5:44 | Build | House |
| 6:08 | Queue | Villager (Male) |
| 6:36 | Queue | Villager (Male) |
| 7:02 | Queue | Villager (Male) |
| 7:18 | Research | Loom |
| 7:34 | Build | Mill |
| 7:40 | Queue | Villager (Male) |
| 7:40 | Queue | Villager (Male) |
| 8:00 | Build | Town Center |
| 8:38 | Queue | Villager (Male) |
| 8:54 | Queue | Villager (Male) |
| 8:55 | Queue | Villager (Male) |
| 9:21 | Queue | Villager (Male) |
| 9:53 | Queue | Villager (Male) |
| 9:53 | Queue | Villager (Male) |
| 10:01 | Build | House |
| 10:37 | Queue | Villager (Male) |
| 11:19 | Queue | Villager (Male) |
| 11:48 | Queue | Villager (Male) |
| 11:50 | Queue | Villager (Male) |
| 12:16 | Build | Town Center |
| 12:52 | Queue | Villager (Male) |
| 13:04 | Queue | Villager (Male) |
| 13:13 | Queue | Villager (Male) |
| 13:27 | Queue | Villager (Male) |
| 13:38 | Queue | Villager (Male) |
| 14:02 | Build | House |
| 14:36 | Queue | Villager (Male) |
| 14:42 | Build | House |
| 14:54 | Build | Palisade Wall |
| 15:02 | Build | Palisade Wall |
| 15:03 | Build | Palisade Wall |
| 15:06 | Build | Palisade Wall |
| 15:08 | Build | Palisade Wall |
| 15:12 | Queue | Villager (Male) |
| 15:18 | Queue | Villager (Male) |
| 15:31 | Queue | Villager (Male) |
| 15:50 | Build | Palisade Gate |
| 16:06 | Queue | Villager (Male) |
| 16:31 | Queue | Villager (Male) |
| 17:02 | Queue | Villager (Male) |
| 17:05 | Build | House |
| 17:07 | Queue | Villager (Male) |
| 17:59 | Queue | Villager (Male) |
| 19:14 | Build | House |
| 19:20 | Build | House |
| 19:51 | Queue | Villager (Male) |
| 19:58 | Build | Mill |
| 20:09 | Queue | Villager (Male) |
| 20:14 | Build | Mill |
| 20:20 | Queue | Villager (Male) |
Build order — freestyle
108 actions detected in the replay
| 0:01 | Queue | Villager (Male) ×4 |
| 0:02 | Build | House |
| 0:21 | Build | House |
| 0:22 | Build | House |
| 1:30 | Queue | Villager (Male) |
| 1:59 | Queue | Villager (Male) |
| 2:30 | Queue | Villager (Male) |
| 2:43 | Queue | Villager (Male) |
| 2:59 | Build | Lumber Camp |
| 3:06 | Queue | Villager (Male) |
| 3:43 | Queue | Villager (Male) |
| 4:08 | Queue | Villager (Male) |
| 4:09 | Queue | Villager (Male) |
| 4:12 | Queue | Villager (Male) |
| 5:13 | Build | Mining Camp |
| 5:16 | Queue | Villager (Male) |
| 5:51 | Research | Feudal Age |
| 7:11 | Build | House |
| 7:14 | Build | Barracks |
| 7:21 | Build | House |
| 7:51 | Queue | Villager (Male) |
| 8:01 | Age | Feudal Age |
| 8:04 | Queue | Villager (Male) |
| 8:07 | Research | Double-Bit Axe |
| 8:30 | Build | Archery Range |
| 8:47 | Queue | Villager (Male) |
| 9:15 | Queue | Villager (Male) |
| 9:23 | Build | House |
| 9:25 | Build | Archery Range |
| 9:27 | Queue | Archer |
| 9:27 | Queue | Archer |
| 9:39 | Queue | Villager (Male) |
| 9:42 | Queue | Villager (Male) |
| 10:25 | Queue | Villager (Male) |
| 10:38 | Queue | Archer |
| 10:45 | Queue | Archer |
| 10:52 | Queue | Villager (Male) |
| 10:58 | Build | Mill |
| 11:14 | Queue | Archer |
| 11:14 | Queue | Archer |
| 11:16 | Queue | Villager (Male) |
| 11:33 | Queue | Archer |
| 11:34 | Queue | Archer |
| 11:45 | Queue | Villager (Male) |
| 11:47 | Queue | Archer |
| 11:48 | Queue | Archer |
| 11:54 | Build | House |
| 11:56 | Build | House |
| 11:57 | Build | House |
| 12:15 | Queue | Villager (Male) |
| 12:40 | Queue | Villager (Male) |
| 12:45 | Queue | Archer |
| 12:52 | Build | Mill |
| 13:05 | Queue | Villager (Male) |
| 13:22 | Queue | Archer |
| 13:22 | Queue | Archer |
| 13:23 | Queue | Villager (Male) |
| 13:39 | Build | House |
| 13:40 | Build | Blacksmith |
| 13:52 | Queue | Archer |
| 13:52 | Queue | Archer |
| 13:53 | Queue | Villager (Male) |
| 14:07 | Queue | Archer |
| 14:07 | Queue | Archer |
| 14:11 | Build | House |
| 14:20 | Build | Gate |
| 14:23 | Queue | Villager (Male) |
| 14:23 | Queue | Villager (Male) |
| 14:37 | Build | Farm |
| 14:51 | Build | Farm |
| 15:11 | Build | Farm |
| 15:13 | Queue | Archer |
| 15:13 | Queue | Archer |
| 15:14 | Queue | Villager (Male) |
| 15:15 | Queue | Villager (Male) |
| 15:44 | Build | Farm |
| 15:46 | Build | Farm |
| 15:52 | Queue | Archer |
| 15:53 | Queue | Archer |
| 15:53 | Queue | Villager (Male) |
| 16:18 | Queue | Archer |
| 16:19 | Queue | Archer |
| 16:28 | Build | Farm |
| 16:28 | Queue | Villager (Male) |
| 16:34 | Build | House |
| 16:36 | Build | House |
| 17:06 | Research | Loom |
| 17:24 | Research | Castle Age |
| 17:34 | Queue | Archer |
| 17:34 | Queue | Archer |
| 17:54 | Queue | Archer |
| 17:54 | Queue | Archer |
| 17:57 | Research | Padded Archer Armor |
| 17:59 | Research | Fletching |
| 18:01 | Research | Padded Archer Armor |
| 18:49 | Queue | Archer |
| 18:50 | Queue | Archer |
| 18:50 | Queue | Militia |
| 18:53 | Build | House |
| 19:11 | Build | House |
| 19:23 | Build | Watch Tower |
| 19:26 | Build | Stone Wall |
| 19:28 | Build | Stone Wall |
| 19:29 | Build | Stone Wall |
| 19:33 | Build | Stone Wall |
| 20:19 | Age | Castle Age |
| 20:22 | Research | Crossbowman (upgrade) |
| 20:22 | Research | Thumb Ring |
Match timeline
| 7:14 | freestyle · first_building Barracks |
| 8:01 | freestyle · age_up feudal |
| 8:30 | freestyle · first_building Archery Range |
| 8:55 | Sukuna · wall_segment Palisade Wall x6 |
| 8:56 | kane · first_building Barracks |
| 9:19 | Paty La Peluda · age_up feudal |
| 9:32 | Sukuna · wall_segment Palisade Wall x4 |
| 9:42 | loco_angel · age_up feudal |
| 9:44 | loco_angel · first_building Stable |
| 10:21 | kane · age_up feudal |
| 10:26 | kane · first_building Archery Range |
| 10:40 | Sukuna · wall_segment Palisade Wall x7 |
| 10:56 | PSX | Santiago1 · age_up feudal |
| 11:22 | brunol1901 · age_up feudal |
| 13:12 | Sukuna · wall_segment Palisade Wall x1 |
| 13:14 | Sukuna · wall_segment Palisade Wall x1 |
| 13:15 | Sukuna · wall_segment Palisade Wall x1 |
| 13:18 | Sukuna · wall_segment Palisade Wall x1 |
| 13:19 | Sukuna · wall_segment Palisade Wall x1 |
| 13:25 | PSX | Santiago1 · first_building Barracks |
| 13:56 | PSX | Santiago1 · first_market_sell 500 stone |
| 14:03 | Sukuna · wall_segment Palisade Wall x1 |
| 14:04 | Sukuna · wall_segment Palisade Wall x1 |
| 14:05 | Sukuna · wall_segment Palisade Wall x1 |
| 14:24 | Sukuna · wall_segment Palisade Wall x1 |
| 14:25 | Sukuna · wall_segment Palisade Wall x1 |
| 14:54 | César UAM · wall_segment Palisade Wall x5 |
| 14:58 | PSX | Santiago1 · age_up castle |
| 15:02 | PSX | Santiago1 · first_building Siege Workshop |
| 15:02 | César UAM · wall_segment Palisade Wall x1 |
| 15:03 | César UAM · wall_segment Palisade Wall x1 |
| 15:06 | César UAM · wall_segment Palisade Wall x1 |
| 15:08 | César UAM · wall_segment Palisade Wall x7 |
| 15:18 | PSX | Santiago1 · first_market_buy 100 wood |
| 15:42 | brunol1901 · age_up castle |
| 15:47 | brunol1901 · first_building Castle |
| 16:04 | PSX | Santiago1 · wall_segment Palisade Wall x4 |
| 16:07 | PSX | Santiago1 · wall_segment Palisade Wall x1 |
| 16:16 | Paty La Peluda · age_up castle |
| 16:16 | Sukuna · wall_segment Palisade Wall x4 |
| 16:17 | PSX | Santiago1 · wall_segment Palisade Wall x1 |
| 16:18 | Paty La Peluda · first_building Siege Workshop |
| 16:42 | brunol1901 · first_market_sell 100 stone |
| 16:43 | brunol1901 · first_market_buy 100 wood |
| 16:47 | PSX | Santiago1 · wall_segment Palisade Wall x1 |
| 16:51 | Paty La Peluda · first_building Barracks |
| 17:13 | kane · age_up castle |
| 17:33 | Paty La Peluda · first_building Stable |
| 17:46 | kane · first_building Siege Workshop |
| 18:19 | brunol1901 · first_building Barracks |
| 19:26 | freestyle · wall_segment Stone Wall x1 |
| 19:28 | freestyle · wall_segment Stone Wall x1 |
| 19:29 | freestyle · wall_segment Stone Wall x1 |
| 19:33 | freestyle · wall_segment Stone Wall x1 |
| 20:10 | PSX | Santiago1 · resign |
| 20:19 | freestyle · age_up castle |
[ AI ANALYSIS · 1 CREDIT ]
What really happened in this match?
Wolo.gg analyzes every decision: build order, eco, micro, common mistakes by bracket. Personalized analysis on WhatsApp or Discord in 30 seconds.
Civ guide
Byzantines
Perfil
MadeInVietnam